 Dungeon Crawl Stone Soup version 0.25.0-11-g1f837a76a1 (webtiles) character file.

Game seed: 10759966085238625180

534 xccam the Cudgeler (level 7, -4/40 HPs)
             Began as a Tengu Warper on June 26, 2020.
             Was an Initiate of Okawaru.
             Slain by Sigmund
             ... wielding a +0 scythe of flaming
              (6 damage)
             ... on level 4 of the Dungeon.
             The game lasted 00:06:48 (5004 turns).

xccam the Cudgeler (Tengu Warper)                   Turns: 5004, Time: 00:06:49

Health: -4/40      AC: 14    Str: 12 (13) XL:     7   Next: 25%
Magic:  11/11      EV: 11    Int: 13      God:    Okawaru [......]
Gold:   130        SH:  4    Dex: 11 (14) Spells: 10/10 levels left

rFire    . . .     SeeInvis .   a - +0 mace
rCold    . . .     Gourm    .   p - +0 buckler
rNeg     . . .     Faith    .   v - +0 scale mail
rPois    .         Spirit   .   (helmet restricted)
rElec    .         Reflect  .   j - +0 cloak
rCorr    .         Harm     .   u - +0 pair of gloves
MR       .....                  (boots unavailable)
Stlth    ..........             x - amulet of the acrobat
HPRegen  0.13/turn              q - +4 ring of protection
MPRegen  0.12/turn              (no ring)

@: flying quickly and evasively, quick
A: beak, talons 3, thin metallic scales 1, wild magic 1, able to fly
a: Stop Flying, Renounce Religion


You were on level 4 of the Dungeon.
You worshipped Okawaru.
Okawaru was noncommittal.
You were not hungry.

You visited 2 branches of the dungeon, and saw 5 of its levels.

You collected 130 gold pieces.

Inventory:

Hand Weapons
 a - a +0 mace (weapon)
Armour
 b - a +0 leather armour
 j - a +0 cloak (worn)
 p - a +0 buckler (worn)
 u - a +0 pair of gloves (worn)
 v - a +0 scale mail (worn)
Jewellery
 q - a +4 ring of protection (left hand)
 x - an amulet of the acrobat (around neck)
Scrolls
 d - a scroll of blinking
 h - 6 scrolls of remove curse {unknown}
 l - a scroll of identify {unknown}
 m - a scroll of enchant weapon {unknown}
 o - 2 scrolls of teleportation {unknown}
 t - 2 scrolls of random uselessness {unknown}
 y - a scroll of amnesia {unknown}
Potions
 g - a potion of brilliance
 k - 2 potions of lignification
 z - a potion of might {unknown}
 A - a potion of resistance {unknown}
Comestibles
 c - 2 chunks of flesh
 f - 7 rations


   Skills:
 - Level 2.0 Fighting
 + Level 7.3 Maces & Flails
 - Level 1.0 Throwing
 - Level 1.1 Armour
 - Level 2.1 Dodging
 + Level 3.5 Shields
 - Level 2.0 Spellcasting
   Level 2.4 Translocations


You had 10 spell levels left.
You didn't know any spells.
Your spell library contained the following spells:

 Spells                   Type           Power        Failure   Level  Hunger
 Blink                    Tloc           N/A          71%         2    ###....
 Shroud of Golubria       Chrm/Tloc      #.....       86%         2    ###....
 Gell's Gravitas          Tloc           #.........   90%         3    ####...
 Lesser Beckoning         Tloc           #.........   90%         3    ####...
 Teleport Other           Tloc           #.......     90%         3    ####...
 Passage of Golubria      Tloc           N/A          100%        4    #####..


Dungeon Overview and Level Annotations

Branches:
Dungeon (4/15)             Temple (1/1) D:4

Altars:
Ashenzari
Cheibriados
Dithmenos
Elyvilon
Fedhas
Gozag
Kikubaaqudgha
Makhleb
Nemelex Xobeh
Okawaru
Ru
Trog
Uskayaw
Vehumet
Wu Jian
Yredelemnul
Zin
The Shining One

Annotations:
D:4 Sigmund


Innate Abilities, Weirdness & Mutations

You have a beak for a mouth.
You have claws for feet.
You can fly continuously.
You are partially covered in thin metallic scales. (AC +2)
Your spells are a little harder to cast, but a little more powerful.


Message History

You hit something but do no damage. You claw something.
You feel less confused.
Unknown command.
You hit something but do no damage. Your kick misses something.
Something hits you but does no damage.
Unknown command.
You hit something. You claw something. Something hits you. Something burns you.
You miss something. You peck something. You hit something but do no damage.
You peck something. You block something's attack.
You miss something. Your peck misses something.
Something hits you but does no damage.
You hit something but do no damage.
You hear some strange, mumbled words.
A magic dart appears from out of thin air!
The magic dart hits you!
You hit something but do no damage. Something hits you!
* * * LOW HITPOINT WARNING * * *
Something burns you.
You die...

#...........# #.# #
###........#..###.###
....................
....######.........
...........#.#.###
..............# #
#.######..#.#.#
######.#####.....#.###
#....@.......รท........
#.####{.####..........
###.####..# #....##.#.#
..........# #....# ....
.......#..# #....# #.#
......@#..# #....#
.......#..# #.....
.......#%.# #..#.##
.......#..#


There were no monsters in sight!

Vanquished Creatures
  Menkaure (D:4)
  An orc priest (D:4)
  Natasha (twice) (D:4)
  3 orc wizards (D:4)
  3 worker ants (D:4)
  A hound skeleton (D:4)
  4 adders
  An ooze (D:2)
  3 worms
  2 dart slugs (D:1)
  4 leopard geckos
  12 orcs
  4 giant cockroaches
  7 goblins
  15 hobgoblins
  10 jackals
  7 kobolds
  4 quokkas
  3 ball pythons
  6 bats
  5 frilled lizards
  2 rats
100 creatures vanquished.

Notes
Turn   | Place    | Note
-------+----------+-------------------------------------------
     0 | D:1      | xccam the Tengu Warper began the quest for the Orb.
     0 | D:1      | Reached XP level 1. HP: 12/12 MP: 4/4
   156 | D:1      | Reached XP level 2. HP: 16/17 MP: 6/6
   157 | D:1      | Reached skill level 3 in Maces & Flails
   660 | D:1      | Reached XP level 3. HP: 16/21 MP: 7/7
   938 | D:2      | Reached skill level 4 in Maces & Flails
  1179 | D:2      | Reached XP level 4. HP: 14/26 MP: 8/8
  1935 | D:2      | Reached skill level 5 in Maces & Flails
  2176 | D:2      | Found a bloodstained altar of Trog.
  2712 | D:3      | Gained mutation: You can fly continuously. [Tengu growth]
  2712 | D:3      | Reached XP level 5. HP: 30/30 MP: 9/9
  3032 | D:3      | Found a hide-covered altar of Uskayaw.
  3039 | D:3      | Found a sacrificial altar of Ru.
  3424 | D:4      | Noticed Menkaure
  3434 | D:4      | Killed Menkaure
  3434 | D:4      | Reached skill level 6 in Maces & Flails
  3434 | D:4      | Reached XP level 6. HP: 16/35 MP: 10/10
  3704 | D:4      | HP: 1/35 [poisoned by a worker ant]
  4168 | D:4      | Found a staircase to the Ecumenical Temple.
  4178 | D:4      | Noticed Natasha
  4188 | D:4      | Killed Natasha
  4198 | Temple   | Entered the Ecumenical Temple
  4409 | Temple   | Became a worshipper of Warmaster Okawaru
  4557 | D:4      | Reached skill level 7 in Maces & Flails
  4557 | D:4      | Reached XP level 7. HP: 18/40 MP: 11/11
  4588 | D:4      | Noticed Natasha
  4593 | D:4      | Gained mutation: Your spells are a little harder to cast,
                  | but a little more powerful. [potion of mutation]
  4593 | D:4      | Gained mutation: You are partially covered in thin metallic
                  | scales. (AC +2) [potion of mutation]
  4600 | D:4      | Killed Natasha
  4961 | D:4      | Noticed Sigmund
  5004 | D:4      | HP: 2/40 [something (12)]
  5004 | D:4      | Slain by Sigmund

Illustrated notes

Levels and vault maps discovered:
D:1:      matt_arrival_grand_opening, layout_basic
D:2:      layout_loops_cross, lightli_temple_of_fire, chequers_big_river
D:3:      layout_basic, amethyst_overflow_temple_binary
D:4:      layout_basic, minmay_temple_entry_statues_fountains, first_ration,
          uniq_sigmund, uniq_natasha, uniq_menkaure
Temple:   regret_index_temple_generic_petals

Skill      XL: |  1  2  3  4  5  6 |
---------------+-------------------+-----
Maces & Flails | 3 4 5 6 7 |  7.3
Shields        | 2 3 |  3.5
Fighting       | |  2.0
Throwing       | |  1.0
Armour         | |  1.1
Dodging        | |  2.1
Spellcasting   | |  2.0
Translocations | |  2.4

Action                   |  1- 3 |  4- 6 |  7- 9 || total
-------------------------+-------+-------+-------++-------
Melee: Mace              |    76 |   219 |    54 ||   349
       Kick              |    16 |    47 |     4 ||    67
       Peck              |    11 |    30 |     3 ||    44
Throw: Boomerang         |       |       |     5 ||     5
 Abil: Fly               |       |     1 |       ||     1
  Use: Potion            |     2 |     3 |     5 ||    10
 Stab: Sleeping          |     1 |       |       ||     1
  Eat: Chunk             |     1 |    10 |       ||    11
       Ration            |       |       |     1 ||     1
Armor: Leather armour    |    22 |    50 |       ||    72
       Scale mail        |       |    37 |     3 ||    40
       Skin              |       |    11 |    50 ||    61
Dodge: Dodged            |    64 |   120 |    10 ||   194
Block: Buckler           |       |    33 |     9 ||    42
